 Dungeon Crawl Stone Soup version 0.24-a0-459-g225fefd530 (webtiles) character file.

Game seed: 10256117426926567676

38 Fanghorn the Grave Robber (level 3, 0/25 HPs)
             Began as a Mummy Necromancer on June 29, 2019.
             Slain by an adder (2 damage)
             ... on level 2 of the Dungeon.
             The game lasted 00:08:10 (1387 turns).

Fanghorn the Grave Robber (Mummy Necromancer)       Turns: 1387, Time: 00:08:11

Health: 0/25       AC:  2    Str: 11    XL:     3   Next: 25%
Magic:  1/7        EV: 12    Int: 15    God:
Gold:   105        SH:  0    Dex: 12    Spells: 7/8 levels left

rFire    x . .     SeeInvis .   (no weapon)
rCold    + . .     Gourm    .   (no shield)
rNeg     + + +     Faith    .   a - +0 robe
rPois    ∞         Spirit   .   (no helmet)
rElec    .         Reflect  .   (no cloak)
rCorr    .         Harm     .   (no gloves)
MR       .....                  (no boots)
Stlth    ++........             (no amulet)
HPRegen  0.08/turn              (no ring)
MPRegen  0.10/turn              (no ring)

@: no status effects
A: no food or potions, fire vulnerability, cold resistance 1, negative energy
resistance 3, torment resistance, unbreathing
a: no special abilities


You were on level 2 of the Dungeon.
You were not hungry.

You visited 1 branch of the dungeon, and saw 2 of its levels.

You collected 105 gold pieces.

Inventory:

Hand Weapons
 b - a +0 dagger
 e - a +0 dagger
 g - a +3 dagger
 l - a +0 short sword of venom
Missiles
 j - 5 boomerangs (quivered)
Armour
 a - a +0 robe (worn)
Jewellery
 i - an uncursed ring of protection from fire {unknown}
 k - a cursed ring of attention {unknown}
Scrolls
 c - a scroll of amnesia {unknown}
 d - a scroll of blinking {unknown}
 f - a scroll of fog {unknown}
 h - a scroll of teleportation {unknown}


   Skills:
 + Level 0.8 Fighting
 + Level 1.7 Dodging
 + Level 1.7 Stealth
 * Level 0.3 Unarmed Combat
 * Level 3.2 Spellcasting
 * Level 4.5 Necromancy


You had 7 spell levels left.
You knew the following spells:

 Your Spells              Type           Power        Failure   Level  Hunger
a - Pain                  Necr           ###.         3%          1    N/A

Your spell library contained the following spells:

 Spells                   Type           Power        Failure   Level  Hunger
 Animate Skeleton         Necr           N/A          3%          1    N/A
 Vampiric Draining        Necr           ###.......   10%         3    N/A
 Animate Dead             Necr           N/A          30%         4    N/A
 Regeneration             Chrm/Necr      Unusable     N/A         3    N/A

Dungeon Overview and Level Annotations

Branches:
Dungeon (2/15)

Altars:


Innate Abilities, Weirdness & Mutations

You do not eat or drink.
Your flesh is vulnerable to fire.
You are immune to poison.
Your flesh is cold resistant. (rC+)
You are immune to negative energy. (rN+++)
You are immune to unholy pain and torment.
You can survive without breathing.


Message History

The adder is severely wounded.
The adder closely misses you. The adder bites you.
* * * LOW HITPOINT WARNING * * *
You hit the adder.
The adder is severely wounded.
The adder barely misses you.
Casting: Pain (safe; 3% risk of failure)
Confirm with . or Enter, or press ? or * to list all spells.
Aiming: Pain (safe; 3% risk of failure)
Press: ? - help, Shift-Dir - straight line, f/p - adder
Aim: an adder (severely wounded, chance to defeat MR: 80%)
The adder barely resists.
The adder barely misses you. The adder bites you but does no damage.
The adder misses you. The adder bites you but does no damage.
There is a stone staircase leading up here.
The adder bites you.
* * * LOW HITPOINT WARNING * * *
The adder bites you.
You die...

#.# #.# #.# ♣..♣ ♣♣
#.###.###.# ♣..♣ ♣♣.
#.........# ♣..♣ ♣.♣
#####.##### ####..#
#####.# #.# ##.#..##
#.##..# #.# ##....##
#....## #)# #.....#
#.####
#.########S..#######.#
#........@<..........#
######################


You could see an adder.

Vanquished Creatures
  An adder (D:2)
  A dart slug (D:2)
  A ball python (D:1)
  A giant cockroach (D:1)
  6 goblins (D:1)
  5 hobgoblins
  5 kobolds
  A bat (D:1)
  3 frilled lizards
  A rat (D:1)
25 creatures vanquished.

Notes
Turn   | Place    | Note
-------+----------+-------------------------------------------
     0 | D:1      | Fanghorn the Mummy Necromancer began the quest for the Orb.
     0 | D:1      | Reached XP level 1. HP: 13/13 MP: 4/4
   184 | D:1      | Reached XP level 2. HP: 19/19 MP: 5/5
  1282 | D:2      | Reached XP level 3. HP: 22/24 MP: 0/7
  1387 | D:2      | Slain by an adder

Levels and vault maps discovered:
D:1:      minmay_arrival_pointy, layout_basic
D:2:      kb_forest_paths, layout_loops_corners,
          gammafunk_temple_overflow_arena, chequers_ecumenical_altar_grove,
          uniq_sigmund, uniq_terence

Skill      XL: |  1  2 |
---------------+-------+-----
Spellcasting   | 3 |  3.2
Fighting       | |  0.8
Dodging        | |  1.7
Stealth        | |  1.7
Unarmed Combat | |  0.3
Necromancy     | |  4.5

Action                   || total
-------------------------++-------
Melee: Unarmed           ||    37
       Punch             ||     1
Throw: Boomerang         ||    20
 Cast: Pain              ||    45
 Stab: Sleeping          ||     2
Armor: Robe              ||    10
Dodge: Dodged            ||    49

Table legend:
 A = Non-vault XP
 B = Vault XP
 C = Vault XP percentage of total XP
 D = Non-vault monster count
 E = Vault monster count
 F = Vault count percentage of total count
                 A         B        C        D         E       F
            +---------+---------+-------+---------+---------+-------
      Total |      41 |      14 |  25.5 |      23 |       2 |   8.0
            +---------+---------+-------+---------+---------+-------
        D:1 |      33 |       0 |   0.0 |      20 |       0 |   0.0
        D:2 |       8 |      14 |  63.6 |       3 |       2 |  40.0
            +---------+---------+-------+---------+---------+-------
